 Dungeon Crawl Stone Soup version 0.29.0-4-gdea44cf6ec (webtiles) character file.

Game seed: 7482597541474910593

109678 qw the Brawler (level 16, -7/156 HPs)
             Began as a Troll Cinder Acolyte on Sept 3, 2022.
             Was a High Priest of Okawaru.
             Mangled by a shock serpent (8 damage)
             ... on level 2 of the Snake Pit.
             The game lasted 00:13:59 (22242 turns).

qw the Brawler (Troll Cinder Acolyte)              Turns: 22242, Time: 00:14:00

Health: -7/156     AC: 18    Str: 32    XL:     16   Next: 5%
Magic:  22/22      EV: 12    Int: 10    God:    Okawaru [*****.]
Gold:   1134       SH: 17    Dex:  4    Spells: 17/17 levels left

rFire   . . .      SeeInvis .     - Unarmed
rCold   + . .      Faith    .   q - +0 tower shield
rNeg    + + .      Spirit   .   v - +6 acid dragon scales
rPois   .          Reflect  .   (helmet restricted)
rElec   .          Harm     .   y - +1 cloak of Knowledge {Dex+2 Slay+3}
rCorr   +          Rampage  .   (gloves unavailable)
Will    +....                   (boots unavailable)
Stlth   ++........              d - amulet of regeneration
HPRegen 1.96/turn               e - ring "Opson" {rC+ rN++ Dex-3 Slay+5}
MPRegen 0.18/turn               a - +4 ring of evasion

@: lethally poisoned (-7 -> -7), about to teleport, heroic, slowed, very slow
A: large, unfitting armour, claws 3, regeneration 1, shaggy fur 1, tough skin 1
a: Renounce Religion, Heroism, Finesse, Duel


You were on level 2 of the Snake Pit.
You worshipped Okawaru.
Okawaru was extremely pleased with you.
You visited 5 branches of the dungeon, and saw 25 of its levels.

You collected 2709 gold pieces.
You spent 1575 gold pieces at shops.


Innate Abilities, Weirdness & Mutations

You are too large for most types of armour.
You have claws for hands.
Your natural rate of healing is unusually fast.
You are covered in fur. (AC +1)
You have tough skin. (AC +1)


   Skills:
 - Level 9.0(14.0) Fighting
 - Level 7.6(12.6) Throwing
 - Level 3.0(8.0) Armour
 - Level 2.0(7.0) Dodging
 + Level 12.3(17.3) Shields
 - Level 19.6(24.6) Unarmed Combat
 - Level 1.0 Spellcasting
 - Level 2.1 Fire Magic
 - Level 10.0 Invocations


You had 17 spell levels left.
You didn't know any spells.
Your spell library contained the following spells:

 Spells                   Type           Power      Damage    Failure   Level
 Scorch                   Fire           8%         2d5       47%         2

Inventory:

Missiles
 i - 4 silver javelins
 n - 21 boomerangs
 u - 9 javelins
 A - a large rock (quivered)
Armour
 m - a scarf of resistance
 q - a +0 tower shield (worn)
 v - +6 acid dragon scales (worn)
 y - the +1 cloak of Knowledge (worn) {Dex+2 Slay+3}
   (You bought it in a shop on level 2 of the Orcish Mines)

   Dex:       It affects your dexterity (+2).
   Slay:      It affects your accuracy & damage with ranged weapons and melee
   (+3).
Jewellery
 a - a +4 ring of evasion (right claw)
 d - an amulet of regeneration (around neck)
 e - the ring "Opson" (left claw) {rC+ rN++ Dex-3 Slay+5}
   (You took it off a centaur warrior on level 11 of the Dungeon)

   [ring of protection from cold]

   Dex:       It affects your dexterity (-3).
   Slay:      It affects your accuracy & damage with ranged weapons and melee
   (+5).
   rC:        It protects you from cold.
   rN:        It greatly protects you from negative energy.
 t - a ring of see invisible
 x - a ring of protection from fire
 Y - a ring of protection from fire
Scrolls
 g - a scroll of enchant armour
 j - 2 scrolls of brand weapon
 k - 14 scrolls of identify
 l - a scroll of teleportation
 o - 6 scrolls of enchant weapon
Potions
 b - 6 potions of mutation
 c - 4 potions of might
 f - 3 potions of curing
 h - 3 potions of haste
 w - a potion of resistance

Dungeon Overview and Level Annotations

Branches:
Dungeon (15/15)            Temple (1/1) D:6            Lair (5/5) D:10
 Shoals (0/4) Lair:2        Snake (2/4) Lair:2        Slime (0/5) Lair:4
    Orc (2/2) D:12            Elf (0/3) Orc:2        Vaults (0/5) D:14
 Depths (0/4) D:15

Altars:
Ashenzari
Dithmenos
Fedhas
Gozag
Hepliaklqana
Kikubaaqudgha
Makhleb
Nemelex Xobeh
Okawaru
Ru
Sif Muna
Trog
Uskayaw
Vehumet
Wu Jian
Yredelemnul
Zin
The Shining One

Shops:
Orc:1 *   Orc:2 =*([   Snake:1 ((

Annotations:
D:2 1 runed translucent door, Crazy Yiuf


Message History

The salamander hits you but does no damage.
You block the shock serpent's attack.
A naga mage comes into view. It is wielding a +0 whip.
A naga comes into view. It is wielding a +0 mace.
22240 ||| DRINKING 2 potions of heal wounds.
You feel much better.
You feel sick.
The naga no longer looks unusually toxic.
The naga mage spits poison at you. The splash of poison misses you.
You block the shock serpent's attack. You block the salamander's attack.
The naga spits poison at you.
The splash of poison hits you but does no damage.
You are more poisoned.
The shock serpent closely misses you.
The naga sharpshooter mumbles some strange words.
The naga sharpshooter magically shoots an arrow.
The arrow hits you.
The salamander hits you from afar with a +0 spear!
You are engulfed in flames!
The naga spits poison at you. The splash of poison misses you.
A naga mage comes into view. It is wielding a +0 halberd.
The naga mage shouts!
You hear a shout!
22241 ||| DRINKING potion of heal wounds.
You feel much better.
Your surroundings seem slightly different.
You feel very sick.
The naga sharpshooter spits poison at you.
You block the splash of poison.
The shock serpent shoots out a bolt of lightning at you!
The bolt of electricity hits you!! You block the salamander's attack.
The naga sharpshooter shoots an arrow.
The arrow closely misses you. You block the shock serpent's attack.
The naga mage moves out of view.
22242 ||| READING 2 scrolls of teleportation.
As you read the scroll of teleportation, it crumbles to dust.
You feel strangely unstable.
You feel very sick. The shock serpent bites you!
You die...

N......### #. #..~~~...#
#. #N~~~~...# ###.
#.N~~~N.)# #####...
#..~~~...# #...#.##
#NN.~~...# #.#.#!##
#NNN)....# #.#...##
...###...N¤...###.######
#.....@S(....'...#....#
#..###.......#####.#<.#
#....##.# #...####
#.##.##[# #.###...
.........# #.# #.##
#..#.#.#### #.# #)##
##.#.#.# #.###.## #. .#
#....... .#######.#####


You could see a naga warrior, a naga sharpshooter (strong, catching breath), a
salamander (strong), a shock serpent, 2 naga magi and 4 nagas.

Vanquished Creatures
  Jorgrun (D:14)
  A nagaraja (Snake:2)
  An orc warlord (Orc:2)
  Aizul (Snake:1)
  A slime creature (D:13)
  A fire dragon (D:14)
  An ogre mage (D:15)
  Erica (D:8)
  2 rakshasas
  6 boulder beetles
  10 hydras
  3 naga warriors (Snake:1)
  A catoblepas (Lair:5)
  6 centaur warriors
  A merfolk avatar (Lair:5)
  7 two-headed ogres
  5 death yaks (Lair:5)
  An orc high priest (Orc:2)
  2 tengu warriors (D:15)
  Urug (D:11)
  2 sea snakes
  Lodul (D:14)
  A deep troll (D:15)
  A harpy (Lair:5)
  3 wizards
  A necromancer (D:15)
  3 manticores
  8 deep elf pyromancers
  6 orc sorcerers
  4 mana vipers
  4 salamanders (Snake:1)
  19 ugly things
  5 orc knights
  A cyclops (D:11)
  11 elephants
  6 black mambas
  2 torpor snails
  3 naga magi
  13 cane toads
  A rime drake (shapeshifter) (D:13)
  A komodo dragon (shapeshifter) (D:14)
  3 unseen horrors
  2 kobold demonologists
  7 rime drakes
  10 komodo dragons
  Psyche (D:10)
  14 trolls
  7 polar bears
  3 meliai (D:14)
  A wind drake (shapeshifter) (D:14)
  A polar bear (shapeshifter) (D:15)
  6 hornets
  12 blink frogs
  17 dream sheep
  3 snapping turtles
  A water elemental (D:14)
  2 centaur simulacra (D:12)
  4 wyverns
  43 yaks
  2 vampires
  A shadow (D:11)
  4 wraiths
  17 fire elementals
  3 vampire mosquitoes (D:11)
  3 basilisks
  Grum (D:11)
  2 steam dragons
  2 nagas (Snake:1)
  4 wargs
  4 acid dragons
  11 water moccasins
  28 orc warriors
  2 black bears
  3 ice beasts (D:12)
  18 ogres
  16 centaurs
  15 wolves
  2 phantoms
  3 kobold brigands
  13 bullfrogs
  5 gnoll sergeants
  6 scorpions
  6 howler monkeys
  2 electric eels (D:12)
  26 orc priests
  5 hounds
  8 jellies
  Jessica (D:2)
  Terence (D:2)
  An iguana (D:6)
  21 orc wizards
  2 hell rats (Lair:3)
  Robin (D:2)
  23 gnolls
  4 adders
  10 river rats
  2 shadow imps
  5 white imps (D:12)
  5 ufetubi
  3 worms
  4 dart slugs
  74 orcs
  8 endoplasms
  A giant cockroach (D:2)
  14 goblins
  12 hobgoblins
  10 jackals
  9 kobolds
  4 quokkas
  7 ball pythons
  4 bats
  3 frilled lizards
  8 rats
735 creatures vanquished.

Vanquished Creatures (others)
  An orc wizard (Orc:2)
  A demonic plant (D:1)
  40 fungi
  65 plants
107 creatures vanquished.

Grand Total: 842 creatures vanquished

Notes
Turn   | Place    | Note
-------+----------+-------------------------------------------
     0 | D:1      | qw the Troll Cinder Acolyte began the quest for the Orb.
     0 | D:1      | Reached XP level 1. HP: 22/22 MP: 1/1
     0 | D:1      | 0 ||| qw: Version: 0.1-a-102-g441f92d
     0 | D:1      | 0 ||| qw: Game counter: 5098
     0 | D:1      | 0 ||| qw: Always use a shield: true
     0 | D:1      | 0 ||| qw: God list: Okawaru
     0 | D:1      | 0 ||| qw: Allow faded altars: false
     0 | D:1      | 0 ||| qw: Do Orc after D:15 true
     0 | D:1      | 0 ||| qw: Do second Lair branch before Depths: true
     0 | D:1      | 0 ||| qw: Lair rune preference: random
     0 | D:1      | 0 ||| qw: Plans: Normal
     0 | D:1      | 0 ||| PLANNING D:1-11
   176 | D:1      | Reached XP level 2. HP: 29/29 MP: 2/2
   349 | D:1      | Reached skill level 4 in Unarmed Combat
   524 | D:1      | Found a faded altar of an unknown god.
   549 | D:1      | 549 ||| DROPPING ring of magical power.
   550 | D:1      | 550 ||| READING scroll labelled UWNOCEISONG.
   551 | D:1      | 551 ||| READING scroll labelled CENGOU ETAINAL.
   552 | D:1      | 552 ||| READING scroll labelled HOCHU XONTAK.
   696 | D:2      | 696 ||| Stepping ~*~*~tactically~*~*~ (hiding).
   697 | D:2      | 697 ||| Stepping ~*~*~tactically~*~*~ (hiding).
   706 | D:2      | Reached XP level 3. HP: 36/36 MP: 3/3
   820 | D:2      | 820 ||| Stepping ~*~*~tactically~*~*~ (stealth).
   868 | D:2      | Noticed Terence
   870 | D:2      | 870 ||| Stepping ~*~*~tactically~*~*~ (hiding).
   878 | D:2      | Killed Terence
   976 | D:2      | Found a runed translucent door.
   977 | D:2      | Noticed Crazy Yiuf
  1014 | D:2      | Reached XP level 4. HP: 44/44 MP: 4/4
  1208 | D:2      | Reached skill level 5 in Unarmed Combat
  1354 | D:2      | Noticed Jessica
  1360 | D:2      | 1360 ||| INVOKING Fiery Armour.
  1365 | D:2      | Killed Jessica
  1371 | D:2      | 1371 ||| FLEEEEING.
  1372 | D:2      | 1372 ||| FLEEEEING.
  1373 | D:2      | 1373 ||| FLEEEEING.
  1374 | D:2      | 1374 ||| FLEEEEING.
  1375 | D:2      | 1375 ||| FLEEEEING.
  1376 | D:2      | 1376 ||| FLEEEEING.
  1377 | D:2      | 1377 ||| FLEEEEING.
  1378 | D:2      | 1378 ||| FLEEEEING.
  1396 | D:2      | Noticed Robin
  1405 | D:2      | Killed Robin
  1416 | D:2      | Reached XP level 5. HP: 50/50 MP: 5/5
  1652 | D:2      | 1652 ||| UPGRADING to amulet of regeneration.
  1657 | D:2      | 1657 ||| READING scroll labelled UKKURI FEUL.
  1658 | D:2      | 1658 ||| READING scroll labelled CIKAOH HUIPS.
  1672 | D:2      | 1672 ||| DRINKING 2 cyan potions.
  1673 | D:2      | 1673 ||| DRINKING 2 fuming green potions.
  1674 | D:2      | 1674 ||| DROPPING potion of brilliance.
  1751 | D:3      | 1751 ||| Stepping ~*~*~tactically~*~*~ (stealth).
  1753 | D:3      | 1753 ||| Stepping ~*~*~tactically~*~*~ (stealth).
  1761 | D:3      | 1761 ||| Stepping ~*~*~tactically~*~*~ (outnumbered).
  1871 | D:3      | 1871 ||| Stepping ~*~*~tactically~*~*~ (stealth).
  1873 | D:3      | 1873 ||| Stepping ~*~*~tactically~*~*~ (stealth).
  1876 | D:3      | 1876 ||| Stepping ~*~*~tactically~*~*~ (stealth).
  1898 | D:3      | 1898 ||| Stepping ~*~*~tactically~*~*~ (stealth).
  1899 | D:3      | 1899 ||| Stepping ~*~*~tactically~*~*~ (stealth).
  1928 | D:3      | 1928 ||| Stepping ~*~*~tactically~*~*~ (outnumbered).
  1929 | D:3      | 1929 ||| Stepping ~*~*~tactically~*~*~ (outnumbered).
  1934 | D:3      | Reached skill level 6 in Unarmed Combat
  1956 | D:3      | 1956 ||| Stepping ~*~*~tactically~*~*~ (stealth).
  1958 | D:3      | 1958 ||| Stepping ~*~*~tactically~*~*~ (hiding).
  2329 | D:3      | 2329 ||| UPGRADING to +4 ring of evasion.
  2330 | D:3      | 2330 ||| READING scroll labelled XOCVUO ROPN.
  2331 | D:3      | 2331 ||| READING scroll labelled SYGIEF OROVIY.
  2332 | D:3      | 2332 ||| READING 2 scrolls of identify.
  2332 | D:3      | 2332 ||| IDENTIFYING murky puce potion
  2333 | D:3      | 2333 ||| Stepping randomly (stuck).
  2334 | D:3      | 2334 ||| Stepping ~*~*~tactically~*~*~ (cloud).
  2344 | D:3      | 2344 ||| Stepping randomly (stuck).
  2345 | D:3      | 2345 ||| Stepping ~*~*~tactically~*~*~ (cloud).
  2613 | D:4      | Noticed an ogre
  2614 | D:4      | 2614 ||| Stepping ~*~*~tactically~*~*~ (stealth).
  2615 | D:4      | 2615 ||| Stepping ~*~*~tactically~*~*~ (stealth).
  2624 | D:4      | Killed an ogre
  2625 | D:4      | Reached skill level 7 in Unarmed Combat
  2625 | D:4      | Reached XP level 6. HP: 40/59 MP: 6/6
  2774 | D:4      | 2774 ||| READING scroll labelled MEXUDET TIWE.
  2775 | D:4      | 2775 ||| READING scroll labelled TAD HIUR ELOYDAJ.
  2776 | D:4      | 2776 ||| READING scroll labelled LUNWUB FAARA.
  2777 | D:4      | 2777 ||| DRINKING 2 grey potions.
  2787 | D:5      | Entered Level 5 of the Dungeon
  2796 | D:5      | 2796 ||| Stepping ~*~*~tactically~*~*~ (stealth).
  2807 | D:5      | Found a hide-covered altar of Uskayaw.
  2807 | D:5      | Noticed a +0 dagger
  2808 | D:5      | Noticed a +0 hand axe
  2870 | D:5      | 2870 ||| INVOKING Fiery Armour.
  2871 | D:5      | 2871 ||| Stepping ~*~*~tactically~*~*~ (outnumbered).
  2873 | D:5      | 2873 ||| Stepping ~*~*~tactically~*~*~ (outnumbered).
  2882 | D:5      | Reached skill level 8 in Unarmed Combat
  2889 | D:5      | Reached XP level 7. HP: 66/66 MP: 7/7
  2911 | D:5      | 2911 ||| Stepping ~*~*~tactically~*~*~ (hiding).
  2915 | D:5      | 2915 ||| Stepping ~*~*~tactically~*~*~ (hiding).
  2980 | D:5      | Reached skill level 3 in Fighting
  3017 | D:5      | 3017 ||| Stepping ~*~*~tactically~*~*~ (hiding).
  3018 | D:5      | 3018 ||| Stepping ~*~*~tactically~*~*~ (hiding).
  3153 | D:5      | Reached skill level 9 in Unarmed Combat
  3385 | D:5      | Found a shadowy altar of Dithmenos.
  3438 | D:5      | Reached skill level 1 in Dodging
  3559 | D:5      | 3559 ||| UPGRADING to ring of positive energy.
  3560 | D:5      | 3560 ||| READING scroll labelled CATTOEB XUGENET.
  3561 | D:5      | 3561 ||| DRINKING 2 ruby potions.
  3562 | D:5      | 3562 ||| READING 2 scrolls of identify.
  3562 | D:5      | 3562 ||| IDENTIFYING purple potion
  3563 | D:5      | 3563 ||| DROPPING potion of invisibility.
  3564 | D:5      | 3564 ||| DROPPING potion of ambrosia.
  3603 | D:6      | Reached XP level 8. HP: 75/75 MP: 8/8
  3632 | D:6      | 3632 ||| Stepping ~*~*~tactically~*~*~ (outnumbered).
  3633 | D:6      | 3633 ||| Stepping ~*~*~tactically~*~*~ (outnumbered).
  3634 | D:6      | 3634 ||| Stepping ~*~*~tactically~*~*~ (outnumbered).
  3693 | D:6      | Reached skill level 10 in Unarmed Combat
  3713 | D:6      | Found a staircase to the Ecumenical Temple.
  3737 | D:6      | 3737 ||| Stepping ~*~*~tactically~*~*~ (stealth).
  3738 | D:6      | 3738 ||| Stepping ~*~*~tactically~*~*~ (stealth).
  3830 | D:6      | Found a sacrificial altar of Ru.
  3837 | D:6      | Found a bloodstained altar of Trog.
  4115 | D:6      | 4115 ||| UPGRADING to scarf of resistance.
  4120 | D:6      | 4120 ||| DROPPING amulet of guardian spirit.
  4121 | D:6      | 4121 ||| READING 2 scrolls labelled NIDEEFFABRE.
  4122 | D:6      | 4122 ||| DRINKING 2 puce potions.
  4123 | D:6      | 4123 ||| READING 2 scrolls of identify.
  4123 | D:6      | 4123 ||| IDENTIFYING bubbling amethyst potion
  4124 | D:6      | 4124 ||| DROPPING potion of berserk rage.
  4125 | D:6      | 4125 ||| DROPPING potion of degeneration.
  4126 | D:6      | 4126 ||| DROPPING scroll of immolation.
  4159 | D:7      | Noticed a hornet
  4165 | D:7      | Killed a hornet
  4166 | D:7      | Reached skill level 11 in Unarmed Combat
  4169 | D:7      | Found a basalt altar of Yredelemnul.
  4261 | D:7      | 4261 ||| INVOKING Fiery Armour.
  4263 | D:7      | Reached XP level 9. HP: 58/84 MP: 9/9
  4266 | D:7      | 4266 ||| Stepping ~*~*~tactically~*~*~ (outnumbered).
  4317 | D:7      | 4317 ||| Stepping ~*~*~tactically~*~*~ (outnumbered).
  4423 | D:7      | 4423 ||| Stepping ~*~*~tactically~*~*~ (hiding).
  4581 | D:7      | 4581 ||| Stepping ~*~*~tactically~*~*~ (hiding).
  4586 | D:7      | 4586 ||| INVOKING Fiery Armour.
  4587 | D:7      | 4587 ||| Stepping ~*~*~tactically~*~*~ (outnumbered).
  4588 | D:7      | 4588 ||| Stepping ~*~*~tactically~*~*~ (outnumbered).
  4591 | D:7      | 4591 ||| Stepping ~*~*~tactically~*~*~ (outnumbered).
  4592 | D:7      | 4592 ||| Stepping ~*~*~tactically~*~*~ (outnumbered).
  4631 | D:7      | Reached skill level 12 in Unarmed Combat
  4834 | D:7      | 4834 ||| READING scroll labelled BOFINY COR WOM.
  4839 | D:7      | 4839 ||| READING 2 scrolls of identify.
  4839 | D:7      | 4839 ||| IDENTIFYING emerald potion
  4855 | D:8      | 4855 ||| INVOKING Fiery Armour.
  4903 | D:8      | 4903 ||| Stepping ~*~*~tactically~*~*~ (stealth).
  4905 | D:8      | 4905 ||| Stepping ~*~*~tactically~*~*~ (hiding).
  4907 | D:8      | 4907 ||| Stepping ~*~*~tactically~*~*~ (hiding).
  4908 | D:8      | 4908 ||| Stepping ~*~*~tactically~*~*~ (hiding).
  4914 | D:8      | 4914 ||| Stepping ~*~*~tactically~*~*~ (outnumbered).
  4918 | D:8      | Reached skill level 1 in Throwing
  4933 | D:8      | Noticed Erica
  4940 | D:8      | Killed Erica
  4970 | D:8      | 4970 ||| Stepping ~*~*~tactically~*~*~ (stealth).
  4974 | D:8      | 4974 ||| Stepping ~*~*~tactically~*~*~ (hiding).
  4975 | D:8      | 4975 ||| Stepping ~*~*~tactically~*~*~ (hiding).
  4981 | D:8      | 4981 ||| Stepping ~*~*~tactically~*~*~ (outnumbered).
  4993 | D:8      | 4993 ||| Stepping ~*~*~tactically~*~*~ (stealth).
  4994 | D:8      | 4994 ||| Stepping ~*~*~tactically~*~*~ (stealth).
  5149 | D:8      | 5149 ||| INVOKING Fiery Armour.
  5154 | D:8      | 5154 ||| Stepping ~*~*~tactically~*~*~ (outnumbered).
  5161 | D:8      | 5161 ||| Stepping ~*~*~tactically~*~*~ (outnumbered).
  5162 | D:8      | 5162 ||| Stepping ~*~*~tactically~*~*~ (outnumbered).
  5165 | D:8      | 5165 ||| Stepping ~*~*~tactically~*~*~ (outnumbered).
  5168 | D:8      | 5168 ||| Stepping ~*~*~tactically~*~*~ (outnumbered).
  5177 | D:8      | Reached XP level 10. HP: 84/96 MP: 10/10
  5218 | D:8      | 5218 ||| Stepping ~*~*~tactically~*~*~ (hiding).
  5219 | D:8      | 5219 ||| Stepping ~*~*~tactically~*~*~ (hiding).
  5220 | D:8      | 5220 ||| Stepping ~*~*~tactically~*~*~ (hiding).
  5239 | D:8      | 5239 ||| Stepping ~*~*~tactically~*~*~ (hiding).
  5395 | D:8      | 5395 ||| UPGRADING to +1 robe of fire resistance.
  5405 | D:8      | 5405 ||| DROPPING +0 robe.
  5406 | D:8      | 5406 ||| READING scroll labelled CITASY ANOPA.
  5507 | D:8      | 5507 ||| READING 2 scrolls of identify.
  5507 | D:8      | 5507 ||| IDENTIFYING sapphire potion
  5544 | D:9      | 5544 ||| Stepping ~*~*~tactically~*~*~ (outnumbered).
  5545 | D:9      | 5545 ||| Stepping ~*~*~tactically~*~*~ (hiding).
  5548 | D:9      | 5548 ||| STAIRDANCE
  5653 | D:9      | 5653 ||| Stepping ~*~*~tactically~*~*~ (hiding).
  5655 | D:9      | 5655 ||| STAIRDANCE
  5760 | D:9      | 5760 ||| STAIRDANCE
  5783 | D:9      | 5783 ||| Stepping ~*~*~tactically~*~*~ (outnumbered).
  5825 | D:9      | Found a broken altar of Ashenzari.
  5874 | D:9      | 5874 ||| Stepping ~*~*~tactically~*~*~ (hiding).
  5881 | D:9      | Reached skill level 13 in Unarmed Combat
  5927 | D:9      | Found a hazy altar of Hepliaklqana.
  5967 | D:9      | 5967 ||| Stepping ~*~*~tactically~*~*~ (stealth).
  5971 | D:9      | 5971 ||| Stepping ~*~*~tactically~*~*~ (stealth).
  5977 | D:9      | 5977 ||| Stepping ~*~*~tactically~*~*~ (outnumbered).
  5978 | D:9      | 5978 ||| Stepping ~*~*~tactically~*~*~ (outnumbered).
  5980 | D:9      | 5980 ||| Stepping ~*~*~tactically~*~*~ (outnumbered).
  5981 | D:9      | 5981 ||| Stepping ~*~*~tactically~*~*~ (outnumbered).
  5982 | D:9      | 5982 ||| Stepping ~*~*~tactically~*~*~ (outnumbered).
  5983 | D:9      | 5983 ||| Stepping ~*~*~tactically~*~*~ (outnumbered).
  6014 | D:9      | Found an ornate altar of the Wu Jian Council.
  6110 | D:9      | 6110 ||| Stepping ~*~*~tactically~*~*~ (hiding).
  6111 | D:9      | 6111 ||| Stepping ~*~*~tactically~*~*~ (hiding).
  6119 | D:9      | 6119 ||| Stepping ~*~*~tactically~*~*~ (outnumbered).
  6120 | D:9      | 6120 ||| Stepping ~*~*~tactically~*~*~ (outnumbered).
  6138 | D:9      | 6138 ||| Stepping ~*~*~tactically~*~*~ (outnumbered).
  6178 | D:9      | 6178 ||| INVOKING Fiery Armour.
  6256 | D:9      | 6256 ||| Stepping ~*~*~tactically~*~*~ (hiding).
  6502 | D:9      | 6502 ||| Stepping ~*~*~tactically~*~*~ (hiding).
  6507 | D:9      | 6507 ||| Stepping ~*~*~tactically~*~*~ (outnumbered).
  6510 | D:9      | 6510 ||| Stepping ~*~*~tactically~*~*~ (outnumbered).
  6511 | D:9      | 6511 ||| Stepping ~*~*~tactically~*~*~ (outnumbered).
  6512 | D:9      | 6512 ||| Stepping ~*~*~tactically~*~*~ (outnumbered).
  6513 | D:9      | 6513 ||| Stepping ~*~*~tactically~*~*~ (outnumbered).
  6514 | D:9      | 6514 ||| Stepping ~*~*~tactically~*~*~ (outnumbered).
  6515 | D:9      | 6515 ||| Stepping ~*~*~tactically~*~*~ (outnumbered).
  6516 | D:9      | 6516 ||| Stepping ~*~*~tactically~*~*~ (outnumbered).
  6517 | D:9      | 6517 ||| Stepping ~*~*~tactically~*~*~ (outnumbered).
  6520 | D:9      | 6520 ||| Stepping ~*~*~tactically~*~*~ (outnumbered).
  6630 | D:9      | 6630 ||| Stepping ~*~*~tactically~*~*~ (hiding).
  6631 | D:9      | 6631 ||| Stepping ~*~*~tactically~*~*~ (hiding).
  6636 | D:9      | Reached skill level 14 in Unarmed Combat
  6751 | D:9      | 6751 ||| UPGRADING to +0 troll leather armour.
  6761 | D:9      | 6761 ||| DRINKING 2 clear potions.
  6762 | D:9      | 6762 ||| DROPPING potion of attraction.
  6813 | D:10     | Entered Level 10 of the Dungeon
  6854 | D:10     | 6854 ||| Stepping ~*~*~tactically~*~*~ (stealth).
  6855 | D:10     | 6855 ||| Stepping ~*~*~tactically~*~*~ (stealth).
  6856 | D:10     | 6856 ||| Stepping ~*~*~tactically~*~*~ (stealth).
  6860 | D:10     | 6860 ||| Stepping ~*~*~tactically~*~*~ (outnumbered).
  6865 | D:10     | Reached skill level 1 in Armour
  6872 | D:10     | 6872 ||| INVOKING Fiery Armour.
  6873 | D:10     | HP: 21/96 [something (10)]
  6874 | D:10     | 6874 ||| READING 2 scrolls of teleportation.
  6875 | D:10     | 6875 ||| DRINKING potion of heal wounds.
  6876 | D:10     | 6876 ||| DRINKING 5 potions of curing.
  6876 | D:10     | 6876 ||| (to cure confusion)
  6986 | D:10     | 6986 ||| Invisible monster not found???
  7103 | D:10     | Found a staircase to the Lair.
  7192 | D:10     | Reached skill level 6 in Fighting
  7434 | D:10     | 7434 ||| DRINKING 4 potions of curing.
  7434 | D:10     | 7434 ||| (to cure confusion)
  7442 | D:10     | Noticed Psyche
  7455 | D:10     | 7455 ||| DRINKING 3 potions of curing.
  7455 | D:10     | 7455 ||| (to cure confusion)
  7459 | D:10     | Killed Psyche
  7864 | D:10     | 7864 ||| PLANNING LAIR
  7864 | D:10     | 7864 ||| UPGRADING to ring of willpower.
  7907 | Lair:1   | Entered Level 1 of the Lair of Beasts
  7951 | Lair:1   | Reached XP level 11. HP: 101/105 MP: 11/11
  8125 | Lair:1   | Reached skill level 15 in Unarmed Combat
  8230 | Lair:1   | 8230 ||| Stepping ~*~*~tactically~*~*~ (stealth).
  8240 | Lair:1   | 8240 ||| Stepping ~*~*~tactically~*~*~ (outnumbered).
  8305 | Lair:1   | 8305 ||| Stepping ~*~*~tactically~*~*~ (outnumbered).
  8409 | Lair:1   | Reached skill level 16 in Unarmed Combat
  8424 | Lair:1   | 8424 ||| Stepping ~*~*~tactically~*~*~ (stealth).
  8846 | Lair:1   | 8846 ||| READING scroll labelled JUSEEM GAOMEGU.
  8900 | Lair:2   | 8900 ||| INVOKING Fiery Armour.
  8980 | Lair:2   | Found a staircase to the Shoals.
  9006 | Lair:2   | 9006 ||| Stepping ~*~*~tactically~*~*~ (stealth).
  9007 | Lair:2   | 9007 ||| INVOKING Fiery Armour.
  9009 | Lair:2   | 9009 ||| Stepping ~*~*~tactically~*~*~ (stealth).
  9015 | Lair:2   | 9015 ||| Stepping ~*~*~tactically~*~*~ (stealth).
  9034 | Lair:2   | 9034 ||| Stepping ~*~*~tactically~*~*~ (hiding).
  9046 | Lair:2   | 9046 ||| Stepping ~*~*~tactically~*~*~ (stealth).
  9080 | Lair:2   | Found a staircase to the Snake Pit.
  9186 | Lair:2   | 9186 ||| INVOKING Fiery Armour.
  9192 | Lair:2   | 9192 ||| Stepping ~*~*~tactically~*~*~ (outnumbered).
  9193 | Lair:2   | 9193 ||| Stepping ~*~*~tactically~*~*~ (outnumbered).
  9195 | Lair:2   | 9195 ||| Stepping ~*~*~tactically~*~*~ (outnumbered).
  9325 | Lair:2   | 9325 ||| INVOKING Fiery Armour.
  9326 | Lair:2   | 9326 ||| Stepping ~*~*~tactically~*~*~ (outnumbered).
  9327 | Lair:2   | 9327 ||| Stepping ~*~*~tactically~*~*~ (outnumbered).
  9334 | Lair:2   | Reached skill level 17 in Unarmed Combat
  9336 | Lair:2   | 9336 ||| Stepping ~*~*~tactically~*~*~ (outnumbered).
  9337 | Lair:2   | 9337 ||| Stepping ~*~*~tactically~*~*~ (outnumbered).
  9340 | Lair:2   | 9340 ||| Stepping ~*~*~tactically~*~*~ (outnumbered).
  9341 | Lair:2   | 9341 ||| Stepping ~*~*~tactically~*~*~ (outnumbered).
  9342 | Lair:2   | 9342 ||| Stepping ~*~*~tactically~*~*~ (outnumbered).
  9344 | Lair:2   | Reached XP level 12. HP: 118/118 MP: 12/12
  9747 | Lair:3   | 9747 ||| INVOKING Fiery Armour.
  9827 | Lair:3   | 9827 ||| PLANNING TEMPLE
  9864 | Lair:3   | 9864 ||| Stepping ~*~*~tactically~*~*~ (outnumbered).
  9865 | Lair:3   | 9865 ||| Stepping ~*~*~tactically~*~*~ (outnumbered).
  9866 | Lair:3   | 9866 ||| Stepping ~*~*~tactically~*~*~ (outnumbered).
  9868 | Lair:3   | 9868 ||| Stepping ~*~*~tactically~*~*~ (outnumbered).
 10032 | Temple   | Entered the Ecumenical Temple
 10033 | Temple   | 10033 ||| PLANNING CONVERSION TO OKAWARU
 10039 | Temple   | Fell from the grace of Ignis
 10039 | Temple   | Became a worshipper of Warmaster Okawaru
 10040 | Temple   | 10040 ||| PLANNING LAIR
 10178 | Lair:3   | 10178 ||| Stepping ~*~*~tactically~*~*~ (stealth).
 10189 | Lair:3   | 10189 ||| Stepping ~*~*~tactically~*~*~ (stealth).
 10190 | Lair:3   | 10190 ||| STAIRDANCE
 10196 | Lair:3   | 10196 ||| STAIRDANCE
 10253 | Lair:3   | 10253 ||| Stepping ~*~*~tactically~*~*~ (outnumbered).
 10353 | Lair:3   | 10353 ||| Stepping ~*~*~tactically~*~*~ (outnumbered).
 10500 | Lair:3   | 10500 ||| Stepping ~*~*~tactically~*~*~ (stealth).
 10509 | Lair:3   | 10509 ||| FLEEEEING.
 10520 | Lair:3   | Reached * piety under Okawaru
 10521 | Lair:3   | Reached skill level 18 in Unarmed Combat
 10647 | Lair:3   | You fall into a shaft and drop 2 floors!
 10647 | Lair:5   | Entered Level 5 of the Lair of Beasts
 10648 | Lair:5   | 10648 ||| Stepping ~*~*~tactically~*~*~ (stealth).
 10648 | Lair:5   | Noticed a death yak
 10649 | Lair:5   | 10649 ||| INVOKING Heroism.
 10651 | Lair:5   | 10651 ||| Stepping ~*~*~tactically~*~*~ (stealth).
 10652 | Lair:5   | 10652 ||| Stepping ~*~*~tactically~*~*~ (stealth).
 10652 | Lair:5   | Noticed a death yak
 10653 | Lair:5   | 10653 ||| Stepping ~*~*~tactically~*~*~ (stealth).
 10653 | Lair:5   | Noticed a death yak
 10656 | Lair:5   | Noticed a death yak
 10656 | Lair:5   | Noticed a death yak
 10660 | Lair:5   | 10660 ||| Stepping ~*~*~tactically~*~*~ (outnumbered).
 10661 | Lair:5   | 10661 ||| INVOKING Heroism.
 10662 | Lair:5   | 10662 ||| Stepping ~*~*~tactically~*~*~ (outnumbered).
 10663 | Lair:5   | 10663 ||| Stepping ~*~*~tactically~*~*~ (outnumbered).
 10664 | Lair:5   | 10664 ||| Stepping ~*~*~tactically~*~*~ (outnumbered).
 10665 | Lair:5   | 10665 ||| Stepping ~*~*~tactically~*~*~ (outnumbered).
 10666 | Lair:5   | 10666 ||| Stepping ~*~*~tactically~*~*~ (outnumbered).
 10668 | Lair:5   | Killed a death yak
 10669 | Lair:5   | Reached skill level 1 in Invocations
 10674 | Lair:5   | 10674 ||| Stepping ~*~*~tactically~*~*~ (outnumbered).
 10675 | Lair:5   | 10675 ||| INVOKING Heroism.
 10677 | Lair:5   | Killed a death yak
 10684 | Lair:5   | Killed a death yak
 10688 | Lair:5   | Killed a death yak
 10688 | Lair:5   | Reached ** piety under Okawaru
 10689 | Lair:5   | Reached skill level 3 in Invocations
 10695 | Lair:5   | 10695 ||| INVOKING Heroism.
 10698 | Lair:5   | Killed a death yak
 10746 | Lair:4   | 10746 ||| INVOKING Heroism.
 10755 | Lair:4   | 10755 ||| Stepping ~*~*~tactically~*~*~ (outnumbered).
 10756 | Lair:4   | 10756 ||| Stepping ~*~*~tactically~*~*~ (outnumbered).
 10757 | Lair:4   | 10757 ||| Stepping ~*~*~tactically~*~*~ (outnumbered).
 10758 | Lair:4   | 10758 ||| Stepping ~*~*~tactically~*~*~ (outnumbered).
 10759 | Lair:4   | 10759 ||| Stepping ~*~*~tactically~*~*~ (outnumbered).
 10760 | Lair:4   | 10760 ||| Stepping ~*~*~tactically~*~*~ (outnumbered).
 10761 | Lair:4   | 10761 ||| Stepping ~*~*~tactically~*~*~ (outnumbered).
 10762 | Lair:4   | 10762 ||| Stepping ~*~*~tactically~*~*~ (outnumbered).
 10763 | Lair:4   | 10763 ||| Stepping ~*~*~tactically~*~*~ (outnumbered).
 10906 | Lair:3   | 10906 ||| INVOKING Heroism.
 11007 | Lair:3   | 11007 ||| READING scroll labelled NINNUM EPSEI.
 11085 | Lair:4   | 11085 ||| INVOKING Heroism.
 11112 | Lair:4   | Found a staircase to the Slime Pits.
 11172 | Lair:4   | 11172 ||| Stepping ~*~*~tactically~*~*~ (stealth).
 11189 | Lair:4   | 11189 ||| FLEEEEING.
 11190 | Lair:4   | 11190 ||| FLEEEEING.
 11191 | Lair:4   | 11191 ||| FLEEEEING.
 11192 | Lair:4   | 11192 ||| FLEEEEING.
 11193 | Lair:4   | 11193 ||| FLEEEEING.
 11194 | Lair:4   | 11194 ||| FLEEEEING.
 11195 | Lair:4   | 11195 ||| FLEEEEING.
 11196 | Lair:4   | 11196 ||| FLEEEEING.
 11197 | Lair:4   | 11197 ||| FLEEEEING.
 11198 | Lair:4   | 11198 ||| FLEEEEING.
 11200 | Lair:4   | 11200 ||| INVOKING Heroism.
 11201 | Lair:4   | 11201 ||| Stepping ~*~*~tactically~*~*~ (stealth).
 11328 | Lair:4   | Identified the ring "Vigiolia" {Ice Str+2}
 11343 | Lair:4   | 11343 ||| Stepping ~*~*~tactically~*~*~ (outnumbered).
 11345 | Lair:4   | 11345 ||| Stepping ~*~*~tactically~*~*~ (outnumbered).
 11391 | Lair:4   | 11391 ||| INVOKING Heroism.
 11407 | Lair:4   | Reached *** piety under Okawaru
 11481 | Lair:4   | 11481 ||| Stepping ~*~*~tactically~*~*~ (stealth).
 11489 | Lair:4   | 11489 ||| Stepping ~*~*~tactically~*~*~ (stealth).
 11501 | Lair:4   | 11501 ||| INVOKING Heroism.
 11504 | Lair:4   | Reached XP level 13. HP: 80/127 MP: 12/15
 11618 | Lair:4   | You fall into a shaft and drop 1 floor!
 11619 | Lair:5   | 11619 ||| READING 9 scrolls of identify.
 11619 | Lair:5   | 11619 ||| IDENTIFYING black potion
 11620 | Lair:5   | 11620 ||| DROPPING potion of flight.
 11623 | Lair:5   | 11623 ||| INVOKING Heroism.
 11629 | Lair:5   | 11629 ||| Stepping ~*~*~tactically~*~*~ (outnumbered).
 11630 | Lair:5   | 11630 ||| Stepping ~*~*~tactically~*~*~ (outnumbered).
 11631 | Lair:5   | 11631 ||| Stepping ~*~*~tactically~*~*~ (outnumbered).
 11632 | Lair:5   | 11632 ||| Stepping ~*~*~tactically~*~*~ (outnumbered).
 11634 | Lair:5   | 11634 ||| Stepping ~*~*~tactically~*~*~ (outnumbered).
 11635 | Lair:5   | 11635 ||| Stepping ~*~*~tactically~*~*~ (outnumbered).
 11636 | Lair:5   | 11636 ||| Stepping ~*~*~tactically~*~*~ (outnumbered).
 11638 | Lair:5   | 11638 ||| Stepping ~*~*~tactically~*~*~ (outnumbered).
 11639 | Lair:5   | 11639 ||| Stepping ~*~*~tactically~*~*~ (outnumbered).
 11647 | Lair:5   | 11647 ||| INVOKING Heroism.
 11677 | Lair:5   | 11677 ||| Stepping ~*~*~tactically~*~*~ (stealth).
 11686 | Lair:5   | Received a gift from Okawaru
 11698 | Lair:5   | 11698 ||| INVOKING Heroism.
 11772 | Lair:4   | 11772 ||| Stepping ~*~*~tactically~*~*~ (hiding).
 11929 | Lair:4   | Was forgiven by Ignis
 12305 | Lair:5   | 12305 ||| STAIRDANCE
 12311 | Lair:4   | 12311 ||| INVOKING Heroism.
 12315 | Lair:4   | Reached skill level 19 in Unarmed Combat
 12360 | Lair:5   | 12360 ||| INVOKING Heroism.
 12394 | Lair:5   | 12394 ||| Stepping ~*~*~tactically~*~*~ (stealth).
 12398 | Lair:5   | 12398 ||| INVOKING Heroism.
 12399 | Lair:5   | 12399 ||| Stepping ~*~*~tactically~*~*~ (outnumbered).
 12400 | Lair:5   | 12400 ||| Stepping ~*~*~tactically~*~*~ (outnumbered).
 12414 | Lair:5   | Reached **** piety under Okawaru
 12419 | Lair:5   | 12419 ||| Stepping ~*~*~tactically~*~*~ (stealth).
 12421 | Lair:5   | 12421 ||| Stepping ~*~*~tactically~*~*~ (stealth).
 12427 | Lair:5   | 12427 ||| Stepping ~*~*~tactically~*~*~ (stealth).
 12432 | Lair:5   | 12432 ||| INVOKING Heroism.
 12437 | Lair:5   | 12437 ||| Stepping ~*~*~tactically~*~*~ (outnumbered).
 12443 | Lair:5   | Received a gift from Okawaru
 12512 | Lair:5   | 12512 ||| Stepping ~*~*~tactically~*~*~ (stealth).
 12514 | Lair:5   | 12514 ||| Stepping ~*~*~tactically~*~*~ (stealth).
 12516 | Lair:5   | 12516 ||| Stepping ~*~*~tactically~*~*~ (stealth).
 12517 | Lair:5   | 12517 ||| Stepping ~*~*~tactically~*~*~ (stealth).
 12528 | Lair:5   | 12528 ||| Stepping ~*~*~tactically~*~*~ (stealth).
 12530 | Lair:5   | 12530 ||| INVOKING Heroism.
 12537 | Lair:5   | Reached skill level 6 in Throwing
 12556 | Lair:5   | 12556 ||| READING 4 scrolls of teleportation.
 12557 | Lair:5   | 12557 ||| INVOKING Heroism.
 12570 | Lair:5   | Received a gift from Okawaru
 12585 | Lair:5   | 12585 ||| INVOKING Heroism.
 12585 | Lair:5   | HP: 27/127 [cane toad (8)]
 12586 | Lair:5   | 12586 ||| READING 3 scrolls of teleportation.
 12587 | Lair:5   | 12587 ||| DRINKING 2 potions of heal wounds.
 12618 | Lair:5   | 12618 ||| INVOKING Heroism.
 12644 | Lair:5   | 12644 ||| Stepping ~*~*~tactically~*~*~ (stealth).
 12670 | Lair:5   | 12670 ||| INVOKING Heroism.
 12688 | Lair:5   | 12688 ||| Stepping ~*~*~tactically~*~*~ (stealth).
 12765 | Lair:5   | Reached skill level 6 in Invocations
 12833 | Lair:5   | 12833 ||| Stepping ~*~*~tactically~*~*~ (stealth).
 12872 | Lair:5   | 12872 ||| INVOKING Heroism.
 12878 | Lair:5   | Reached ***** piety under Okawaru
 12879 | Lair:5   | 12879 ||| INVOKING Finesse.
 12973 | Lair:5   | 12973 ||| Stepping ~*~*~tactically~*~*~ (stealth).
 12975 | Lair:5   | 12975 ||| INVOKING Heroism.
 12979 | Lair:5   | Received a gift from Okawaru
 13000 | Lair:5   | 13000 ||| Stepping ~*~*~tactically~*~*~ (stealth).
 13002 | Lair:5   | 13002 ||| Stepping ~*~*~tactically~*~*~ (stealth).
 13010 | Lair:5   | 13010 ||| Stepping ~*~*~tactically~*~*~ (stealth).
 13011 | Lair:5   | 13011 ||| INVOKING Heroism.
 13057 | Lair:5   | 13057 ||| INVOKING Heroism.
 13311 | Lair:5   | 13311 ||| Stepping ~*~*~tactically~*~*~ (stealth).
 13499 | Lair:5   | Reached skill level 9 in Fighting
 13525 | Lair:5   | Found the +7 captain's cutlass {speed, disarm}
 13658 | Lair:5   | 13658 ||| PLANNING D:1-11
 13658 | Lair:5   | 13658 ||| READING 9 scrolls of identify.
 13658 | Lair:5   | 13658 ||| IDENTIFYING bubbling red potion
 13785 | D:11     | 13785 ||| Stepping ~*~*~tactically~*~*~ (hiding).
 13787 | D:11     | 13787 ||| Stepping ~*~*~tactically~*~*~ (hiding).
 13799 | D:11     | 13799 ||| INVOKING Heroism.
 13800 | D:11     | 13800 ||| INVOKING Finesse.
 13801 | D:11     | 13801 ||| Stepping ~*~*~tactically~*~*~ (outnumbered).
 13930 | D:11     | Reached XP level 14. HP: 131/140 MP: 18/18
 13960 | D:11     | Identified the +5 falchion "Impslayer" {venom, rF+}
 14008 | D:11     | 14008 ||| INVOKING Heroism.
 14009 | D:11     | 14009 ||| INVOKING Finesse.
 14012 | D:11     | Received a gift from Okawaru
 14211 | D:11     | Noticed Grum
 14212 | D:11     | 14212 ||| INVOKING Heroism.
 14217 | D:11     | Killed Grum
 14383 | D:11     | 14383 ||| INVOKING Heroism.
 14423 | D:11     | Noticed Urug
 14424 | D:11     | 14424 ||| Stepping ~*~*~tactically~*~*~ (hiding).
 14425 | D:11     | 14425 ||| INVOKING Heroism.
 14434 | D:11     | Killed Urug
 14651 | D:11     | Found a shimmering blue altar of Sif Muna.
 14720 | D:11     | 14720 ||| INVOKING Heroism.
 14722 | D:11     | Identified the ring "Opson" {rC+ rN++ Dex-3 Slay+5}
 14724 | D:11     | 14724 ||| Stepping ~*~*~tactically~*~*~ (hiding).
 14733 | D:11     | HP: 31/140 [rakshasa/+2 trident of venom (13)]
 14734 | D:11     | 14734 ||| READING 2 scrolls of teleportation.
 14735 | D:11     | 14735 ||| DRINKING 2 potions of heal wounds.
 14736 | D:11     | 14736 ||| DRINKING potion of heal wounds.
 14791 | D:11     | 14791 ||| Stepping ~*~*~tactically~*~*~ (hiding).
 14793 | D:11     | 14793 ||| Stepping ~*~*~tactically~*~*~ (hiding).
 14794 | D:11     | 14794 ||| Stepping ~*~*~tactically~*~*~ (hiding).
 14857 | D:11     | 14857 ||| Stepping ~*~*~tactically~*~*~ (stealth).
 14901 | D:11     | 14901 ||| Stepping ~*~*~tactically~*~*~ (stealth).
 14908 | D:11     | 14908 ||| FLEEEEING.
 14909 | D:11     | 14909 ||| FLEEEEING.
 14910 | D:11     | 14910 ||| FLEEEEING.
 14911 | D:11     | 14911 ||| FLEEEEING.
 14912 | D:11     | 14912 ||| FLEEEEING.
 14941 | D:11     | 14941 ||| Stepping ~*~*~tactically~*~*~ (hiding).
 14964 | D:11     | 14964 ||| INVOKING Heroism.
 14981 | D:11     | 14981 ||| Stepping ~*~*~tactically~*~*~ (stealth).
 14982 | D:11     | 14982 ||| INVOKING Finesse.
 14990 | D:11     | 14990 ||| Stepping ~*~*~tactically~*~*~ (stealth).
 15113 | D:11     | 15113 ||| FLEEEEING.
 15121 | D:11     | 15121 ||| Stepping ~*~*~tactically~*~*~ (outnumbered).
 15123 | D:11     | 15123 ||| Stepping ~*~*~tactically~*~*~ (outnumbered).
 15124 | D:11     | 15124 ||| Stepping ~*~*~tactically~*~*~ (outnumbered).
 15129 | D:11     | 15129 ||| INVOKING Heroism.
 15130 | D:11     | 15130 ||| Stepping ~*~*~tactically~*~*~ (outnumbered).
 15131 | D:11     | 15131 ||| Stepping ~*~*~tactically~*~*~ (outnumbered).
 15135 | D:11     | 15135 ||| Stepping ~*~*~tactically~*~*~ (outnumbered).
 15136 | D:11     | Received a gift from Okawaru
 15285 | D:11     | 15285 ||| PLANNING D
 15285 | D:11     | 15285 ||| UPGRADING to +0 acid dragon scales.
 15295 | D:11     | 15295 ||| DROPPING +0 troll leather armour.
 15296 | D:11     | 15296 ||| READING 6 scrolls of enchant armour.
 15296 | D:11     | 15296 ||| ENCHANTING +0 acid dragon scales.
 15297 | D:11     | 15297 ||| READING 5 scrolls of enchant armour.
 15297 | D:11     | 15297 ||| ENCHANTING +1 acid dragon scales.
 15298 | D:11     | 15298 ||| READING 4 scrolls of enchant armour.
 15298 | D:11     | 15298 ||| ENCHANTING +2 acid dragon scales.
 15299 | D:11     | 15299 ||| READING 3 scrolls of enchant armour.
 15299 | D:11     | 15299 ||| ENCHANTING +3 acid dragon scales.
 15300 | D:11     | 15300 ||| DROPPING +1 robe of fire resistance.
 15301 | D:11     | 15301 ||| READING 2 scrolls of enchant armour.
 15301 | D:11     | 15301 ||| ENCHANTING +4 acid dragon scales.
 15302 | D:11     | 15302 ||| READING scroll of enchant armour.
 15302 | D:11     | 15302 ||| ENCHANTING +5 acid dragon scales.
 15303 | D:11     | 15303 ||| DROPPING ring "Vigiolia" {Ice Str+2}.
 15304 | D:11     | 15304 ||| DROPPING ring of positive energy.
 15341 | D:12     | 15341 ||| Stepping ~*~*~tactically~*~*~ (hiding).
 15342 | D:12     | 15342 ||| Stepping ~*~*~tactically~*~*~ (hiding).
 15464 | D:12     | 15464 ||| INVOKING Heroism.
 15600 | D:12     | 15600 ||| Stepping ~*~*~tactically~*~*~ (hiding).
 15603 | D:12     | 15603 ||| INVOKING Heroism.
 15632 | D:12     | 15632 ||| Stepping ~*~*~tactically~*~*~ (hiding).
 15635 | D:12     | 15635 ||| Stepping ~*~*~tactically~*~*~ (hiding).
 15780 | D:12     | Reached skill level 9 in Invocations
 15797 | D:12     | 15797 ||| Stepping ~*~*~tactically~*~*~ (stealth).
 15800 | D:12     | Found a frozen archway.
 15808 | D:12     | Reached skill level 3 in Armour
 15903 | D:12     | 15903 ||| Stepping ~*~*~tactically~*~*~ (stealth).
 15916 | D:12     | 15916 ||| Stepping ~*~*~tactically~*~*~ (hiding).
 15917 | D:12     | 15917 ||| Stepping ~*~*~tactically~*~*~ (hiding).
 15918 | D:12     | 15918 ||| Stepping ~*~*~tactically~*~*~ (hiding).
 15920 | D:12     | 15920 ||| Stepping ~*~*~tactically~*~*~ (hiding).
 15936 | D:12     | 15936 ||| Stepping randomly (disturbance).
 15965 | D:12     | 15965 ||| INVOKING Heroism.
 16036 | D:12     | Found a staircase to the Orcish Mines.
 16128 | D:12     | 16128 ||| INVOKING Heroism.
 16129 | D:12     | 16129 ||| Stepping ~*~*~tactically~*~*~ (outnumbered).
 16130 | D:12     | 16130 ||| Stepping ~*~*~tactically~*~*~ (outnumbered).
 16131 | D:12     | 16131 ||| Stepping ~*~*~tactically~*~*~ (outnumbered).
 16230 | D:12     | 16230 ||| Stepping ~*~*~tactically~*~*~ (stealth).
 16233 | D:12     | 16233 ||| Stepping ~*~*~tactically~*~*~ (stealth).
 16524 | D:12     | 16524 ||| UPGRADING to +0 kite shield.
 16596 | D:13     | Reached skill level 1 in Shields
 16635 | D:13     | 16635 ||| INVOKING Heroism.
 16636 | D:13     | 16636 ||| INVOKING Finesse.
 16686 | D:13     | 16686 ||| Stepping ~*~*~tactically~*~*~ (hiding).
 16687 | D:13     | 16687 ||| Stepping ~*~*~tactically~*~*~ (hiding).
 16733 | D:13     | 16733 ||| Stepping ~*~*~tactically~*~*~ (stealth).
 16762 | D:13     | 16762 ||| Stepping ~*~*~tactically~*~*~ (stealth).
 16763 | D:13     | 16763 ||| INVOKING Heroism.
 16765 | D:13     | 16765 ||| Stepping ~*~*~tactically~*~*~ (outnumbered).
 16768 | D:13     | 16768 ||| READING scroll of teleportation.
 16793 | D:13     | 16793 ||| Stepping ~*~*~tactically~*~*~ (stealth).
 16872 | D:13     | You fall into a shaft and drop 2 floors!
 16872 | D:15     | Entered Level 15 of the Dungeon
 16878 | D:15     | 16878 ||| Stepping ~*~*~tactically~*~*~ (hiding).
 16879 | D:15     | 16879 ||| INVOKING Heroism.
 16903 | D:15     | Reached skill level 3 in Shields
 16933 | D:15     | Found a staircase to the Depths.
 16998 | D:15     | 16998 ||| INVOKING Heroism.
 16999 | D:15     | 16999 ||| INVOKING Finesse.
 17007 | D:15     | Received a gift from Okawaru
 17052 | D:14     | 17052 ||| Stepping ~*~*~tactically~*~*~ (stealth).
 17054 | D:14     | 17054 ||| Stepping ~*~*~tactically~*~*~ (stealth).
 17056 | D:14     | 17056 ||| Stepping ~*~*~tactically~*~*~ (stealth).
 17059 | D:14     | 17059 ||| INVOKING Finesse.
 17060 | D:14     | 17060 ||| INVOKING Heroism.
 17069 | D:14     | 17069 ||| Stepping ~*~*~tactically~*~*~ (hiding).
 17080 | D:14     | 17080 ||| Stepping ~*~*~tactically~*~*~ (stealth).
 17087 | D:14     | 17087 ||| Stepping ~*~*~tactically~*~*~ (hiding).
 17091 | D:14     | 17091 ||| Stepping ~*~*~tactically~*~*~ (hiding).
 17092 | D:14     | 17092 ||| Stepping ~*~*~tactically~*~*~ (hiding).
 17109 | D:14     | Noticed Lodul
 17110 | D:14     | 17110 ||| Stepping ~*~*~tactically~*~*~ (hiding).
 17111 | D:14     | 17111 ||| INVOKING Finesse.
 17114 | D:14     | 17114 ||| Stepping ~*~*~tactically~*~*~ (hiding).
 17124 | D:14     | Killed Lodul
 17126 | D:14     | 17126 ||| INVOKING Heroism.
 17132 | D:14     | 17132 ||| Stepping ~*~*~tactically~*~*~ (outnumbered).
 17134 | D:14     | 17134 ||| Stepping ~*~*~tactically~*~*~ (outnumbered).
 17136 | D:14     | 17136 ||| Stepping ~*~*~tactically~*~*~ (outnumbered).
 17139 | D:14     | 17139 ||| Stepping ~*~*~tactically~*~*~ (outnumbered).
 17143 | D:14     | 17143 ||| Stepping ~*~*~tactically~*~*~ (outnumbered).
 17148 | D:14     | 17148 ||| DRINKING 3 potions of curing.
 17148 | D:14     | 17148 ||| (to cure confusion)
 17151 | D:14     | 17151 ||| INVOKING Heroism.
 17241 | D:14     | 17241 ||| INVOKING Heroism.
 17242 | D:14     | 17242 ||| INVOKING Finesse.
 17296 | D:14     | Noticed Jorgrun
 17297 | D:14     | 17297 ||| INVOKING Heroism.
 17298 | D:14     | 17298 ||| INVOKING Finesse.
 17314 | D:14     | Killed Jorgrun
 17315 | D:14     | Reached XP level 15. HP: 70/146 MP: 14/21
 17320 | D:14     | HP: 29/146 [meliai/+0 war axe (13)]
 17321 | D:14     | 17321 ||| DRINKING 2 potions of heal wounds.
 17327 | D:14     | HP: 29/146 [centaur warrior/arrow (11)]
 17328 | D:14     | 17328 ||| DRINKING potion of heal wounds.
 17331 | D:14     | Reached skill level 6 in Shields
 17510 | D:14     | Found a shadowy altar of Dithmenos.
 17532 | D:14     | 17532 ||| Stepping ~*~*~tactically~*~*~ (hiding).
 17776 | D:14     | 17776 ||| Stepping ~*~*~tactically~*~*~ (hiding).
 17777 | D:14     | 17777 ||| Stepping ~*~*~tactically~*~*~ (hiding).
 18043 | D:13     | 18043 ||| INVOKING Heroism.
 18044 | D:13     | 18044 ||| INVOKING Finesse.
 18053 | D:13     | Received a gift from Okawaru
 18067 | D:13     | 18067 ||| Stepping ~*~*~tactically~*~*~ (hiding).
 18068 | D:13     | 18068 ||| Stepping ~*~*~tactically~*~*~ (hiding).
 18072 | D:13     | 18072 ||| Stepping ~*~*~tactically~*~*~ (hiding).
 18074 | D:13     | 18074 ||| Stepping ~*~*~tactically~*~*~ (stealth).
 18075 | D:13     | 18075 ||| Stepping ~*~*~tactically~*~*~ (hiding).
 18076 | D:13     | 18076 ||| Stepping ~*~*~tactically~*~*~ (hiding).
 18538 | D:14     | Found a gate to the Vaults.
 18539 | D:14     | 18539 ||| Stepping ~*~*~tactically~*~*~ (hiding).
 18546 | D:14     | 18546 ||| Stepping ~*~*~tactically~*~*~ (hiding).
 18906 | D:15     | 18906 ||| INVOKING Heroism.
 18910 | D:15     | 18910 ||| Stepping ~*~*~tactically~*~*~ (outnumbered).
 18914 | D:15     | 18914 ||| Stepping ~*~*~tactically~*~*~ (outnumbered).
 18915 | D:15     | 18915 ||| Stepping ~*~*~tactically~*~*~ (outnumbered).
 18939 | D:15     | 18939 ||| Stepping ~*~*~tactically~*~*~ (hiding).
 18942 | D:15     | 18942 ||| Stepping ~*~*~tactically~*~*~ (outnumbered).
 18946 | D:15     | 18946 ||| INVOKING Heroism.
 18960 | D:15     | 18960 ||| Stepping ~*~*~tactically~*~*~ (outnumbered).
 18961 | D:15     | 18961 ||| Stepping ~*~*~tactically~*~*~ (outnumbered).
 19000 | D:15     | 19000 ||| INVOKING Heroism.
 19001 | D:15     | 19001 ||| INVOKING Finesse.
 19057 | D:15     | 19057 ||| INVOKING Finesse.
 19380 | D:15     | 19380 ||| INVOKING Heroism.
 19381 | D:15     | 19381 ||| INVOKING Finesse.
 19478 | D:15     | 19478 ||| Stepping ~*~*~tactically~*~*~ (stealth).
 19480 | D:15     | 19480 ||| Stepping ~*~*~tactically~*~*~ (stealth).
 19493 | D:15     | Received a gift from Okawaru
 19502 | D:15     | Reached skill level 9 in Shields
 19503 | D:15     | 19503 ||| Stepping ~*~*~tactically~*~*~ (stealth).
 19511 | D:15     | 19511 ||| INVOKING Heroism.
 19512 | D:15     | 19512 ||| Stepping ~*~*~tactically~*~*~ (outnumbered).
 19526 | D:15     | 19526 ||| Stepping ~*~*~tactically~*~*~ (outnumbered).
 19536 | D:15     | 19536 ||| Stepping ~*~*~tactically~*~*~ (outnumbered).
 19538 | D:15     | 19538 ||| Stepping ~*~*~tactically~*~*~ (outnumbered).
 19541 | D:15     | 19541 ||| Stepping ~*~*~tactically~*~*~ (outnumbered).
 19657 | D:15     | 19657 ||| PLANNING ORC
 19657 | D:15     | 19657 ||| UPGRADING to +0 tower shield.
 19667 | D:15     | 19667 ||| DROPPING +0 kite shield.
 19779 | Orc:1    | Entered Level 1 of the Orcish Mines
 19844 | Orc:2    | Entered Level 2 of the Orcish Mines
 19846 | Orc:2    | 19846 ||| INVOKING Heroism.
 19854 | Orc:2    | 19854 ||| Stepping ~*~*~tactically~*~*~ (outnumbered).
 19859 | Orc:2    | 19859 ||| Stepping ~*~*~tactically~*~*~ (outnumbered).
 19860 | Orc:2    | 19860 ||| Stepping ~*~*~tactically~*~*~ (outnumbered).
 19861 | Orc:2    | 19861 ||| Stepping ~*~*~tactically~*~*~ (outnumbered).
 19862 | Orc:2    | 19862 ||| Stepping ~*~*~tactically~*~*~ (outnumbered).
 19872 | Orc:2    | 19872 ||| INVOKING Heroism.
 19937 | Orc:2    | 19937 ||| INVOKING Heroism.
 20030 | Orc:2    | Found a radiant altar of Vehumet.
 20054 | Orc:2    | 20054 ||| INVOKING Heroism.
 20058 | Orc:2    | 20058 ||| Stepping ~*~*~tactically~*~*~ (outnumbered).
 20059 | Orc:2    | 20059 ||| Stepping ~*~*~tactically~*~*~ (outnumbered).
 20060 | Orc:2    | 20060 ||| Stepping ~*~*~tactically~*~*~ (outnumbered).
 20064 | Orc:2    | 20064 ||| Stepping ~*~*~tactically~*~*~ (outnumbered).
 20119 | Orc:2    | 20119 ||| Stepping ~*~*~tactically~*~*~ (stealth).
 20122 | Orc:2    | 20122 ||| INVOKING Heroism.
 20156 | Orc:2    | Found a staircase to the Elven Halls.
 20200 | Orc:2    | 20200 ||| INVOKING Heroism.
 20312 | Orc:2    | 20312 ||| Stepping ~*~*~tactically~*~*~ (stealth).
 20314 | Orc:2    | 20314 ||| Stepping ~*~*~tactically~*~*~ (hiding).
 20315 | Orc:2    | 20315 ||| Stepping ~*~*~tactically~*~*~ (hiding).
 20317 | Orc:2    | 20317 ||| Stepping ~*~*~tactically~*~*~ (hiding).
 20321 | Orc:2    | 20321 ||| INVOKING Heroism.
 20345 | Orc:2    | Noticed an orc warlord
 20350 | Orc:2    | 20350 ||| INVOKING Heroism.
 20354 | Orc:2    | 20354 ||| INVOKING Finesse.
 20355 | Orc:2    | 20355 ||| Stepping ~*~*~tactically~*~*~ (outnumbered).
 20359 | Orc:2    | 20359 ||| Stepping ~*~*~tactically~*~*~ (outnumbered).
 20360 | Orc:2    | 20360 ||| Stepping ~*~*~tactically~*~*~ (outnumbered).
 20361 | Orc:2    | 20361 ||| Stepping ~*~*~tactically~*~*~ (hiding).
 20372 | Orc:2    | Killed an orc warlord
 20389 | Orc:2    | 20389 ||| Stepping ~*~*~tactically~*~*~ (outnumbered).
 20391 | Orc:2    | Received a gift from Okawaru
 20402 | Orc:2    | 20402 ||| Stepping ~*~*~tactically~*~*~ (hiding).
 20407 | Orc:2    | 20407 ||| Stepping ~*~*~tactically~*~*~ (hiding).
 20412 | Orc:2    | 20412 ||| INVOKING Heroism.
 20414 | Orc:2    | 20414 ||| Stepping ~*~*~tactically~*~*~ (hiding).
 20441 | Orc:2    | Found Kimev's Jewellery Shoppe.
 20446 | Orc:2    | 20446 ||| INVOKING Heroism.
 20462 | Orc:2    | 20462 ||| Stepping ~*~*~tactically~*~*~ (outnumbered).
 20466 | Orc:2    | 20466 ||| INVOKING Heroism.
 20523 | Orc:2    | 20523 ||| BUYING ring of protection from fire (400 gold).
 20523 | Orc:2    | Bought a ring of protection from fire for 400 gold pieces
 20523 | Orc:2    | 20523 ||| BUYING ring of see invisible (240 gold).
 20523 | Orc:2    | Bought a ring of see invisible for 240 gold pieces
 20710 | Orc:2    | Found Waovom's Antique Armour Shoppe.
 20717 | Orc:2    | 20717 ||| BUYING scorched cloak (304 gold).
 20717 | Orc:2    | Bought a scorched cloak for 304 gold pieces
 20717 | Orc:2    | Identified the +1 cloak of Knowledge {Dex+2 Slay+3} (You
                  | bought it in a shop on level 2 of the Orcish Mines)
 20717 | Orc:2    | 20717 ||| BUYING shiny troll leather armour (576 gold).
 20717 | Orc:2    | Bought a shiny troll leather armour for 576 gold pieces
 20797 | Orc:2    | Found Ijisouvvae's Antique Weapon Shoppe.
 20811 | Orc:2    | Found Voluw's General Store.
 20820 | Orc:2    | 20820 ||| BUYING potion of heal wounds (55 gold).
 20820 | Orc:2    | Bought a potion of heal wounds for 55 gold pieces
 20837 | Orc:2    | 20837 ||| DROPPING +0 cloak.
 20838 | Orc:2    | 20838 ||| UPGRADING to +1 cloak of Knowledge {Dex+2
                  | Slay+3}.
 20848 | Orc:2    | 20848 ||| DROPPING +2 troll leather armour.
 20849 | Orc:2    | 20849 ||| UPGRADING to ring "Opson" {rC+ rN++ Dex-3
                  | Slay+5}.
 20851 | Orc:2    | 20851 ||| UPGRADING to ring of protection from fire.
 20853 | Orc:2    | 20853 ||| UPGRADING to +4 ring of evasion.
 20855 | Orc:2    | 20855 ||| DROPPING ring of willpower.
 20879 | Orc:1    | 20879 ||| Stepping ~*~*~tactically~*~*~ (stealth).
 20917 | Orc:1    | 20917 ||| Stepping ~*~*~tactically~*~*~ (stealth).
 20956 | Orc:1    | 20956 ||| INVOKING Heroism.
 20958 | Orc:1    | 20958 ||| Stepping ~*~*~tactically~*~*~ (stealth).
 20975 | Orc:1    | 20975 ||| Stepping ~*~*~tactically~*~*~ (stealth).
 21023 | Orc:1    | You fall into a shaft and drop 1 floor!
 21075 | Orc:1    | Found Gaumamno's Gadget Gallery.
 21083 | Orc:1    | 21083 ||| INVOKING Heroism.
 21265 | Orc:1    | 21265 ||| PLANNING SNAKE:1-3
 21423 | Snake:1  | Entered Level 1 of the Snake Pit
 21474 | Snake:1  | 21474 ||| INVOKING Heroism.
 21610 | Snake:1  | 21610 ||| Stepping ~*~*~tactically~*~*~ (stealth).
 21635 | Snake:1  | 21635 ||| Stepping ~*~*~tactically~*~*~ (hiding).
 21636 | Snake:1  | 21636 ||| Stepping ~*~*~tactically~*~*~ (hiding).
 21709 | Snake:1  | Found Hefew's Weapon Shoppe.
 21713 | Snake:1  | Found Kuliameo's Weapon Emporium.
 21736 | Snake:1  | Noticed Aizul
 21737 | Snake:1  | 21737 ||| Stepping ~*~*~tactically~*~*~ (hiding).
 21738 | Snake:1  | 21738 ||| Stepping ~*~*~tactically~*~*~ (hiding).
 21739 | Snake:1  | 21739 ||| Stepping ~*~*~tactically~*~*~ (hiding).
 21740 | Snake:1  | 21740 ||| Stepping ~*~*~tactically~*~*~ (hiding).
 21741 | Snake:1  | 21741 ||| INVOKING Heroism.
 21742 | Snake:1  | 21742 ||| INVOKING Finesse.
 21749 | Snake:1  | Killed Aizul
 21824 | Snake:1  | 21824 ||| INVOKING Heroism.
 21827 | Snake:1  | Received a gift from Okawaru
 21828 | Snake:1  | Reached skill level 12 in Shields
 21833 | Snake:1  | Reached XP level 16. HP: 50/156 MP: 16/22
 22156 | Snake:2  | 22156 ||| INVOKING Heroism.
 22223 | Snake:2  | 22223 ||| INVOKING Heroism.
 22237 | Snake:2  | HP: 25/156 [shock serpent/bolt of electricity (19)]
 22238 | Snake:2  | 22238 ||| READING 3 scrolls of teleportation.
 22238 | Snake:2  | HP: 11/156 [naga sharpshooter/arrow (5)]
 22239 | Snake:2  | 22239 ||| DRINKING 3 potions of heal wounds.
 22240 | Snake:2  | 22240 ||| DRINKING 2 potions of heal wounds.
 22241 | Snake:2  | 22241 ||| DRINKING potion of heal wounds.
 22241 | Snake:2  | HP: 1/156 [shock serpent/bolt of electricity (24)]
 22242 | Snake:2  | 22242 ||| READING 2 scrolls of teleportation.
 22242 | Snake:2  | Mangled by a shock serpent

Levels and vault maps discovered:
D:1:      onia_arrival_pyramid, layout_basic,
          dreamdust_ecumenical_altar_sealed_demon
D:2:      minmay_chambers_of_ones, layout_loops_ring, uniq_robin, uniq_jessica,
          uniq_terence, uniq_crazy_yiuf_cottage
D:3:      layout_basic
D:4:      layout_rooms, kennysheep_big_empty_room
D:5:      layout_loops_cross, lemuel_tele_altar, dancing_weapons_uskayaw,
          kennysheep_path_1, kennysheep_generic_room_12
D:6:      layout_rooms, nicolae_overflow_squiral,
          minmay_temple_entry_enclosed_plants
D:7:      layout_rooms, overflow_temple_1_default, minmay_misc_feat_roman
D:8:      layout_rooms, uniq_erica
D:9:      layout_irregular_city, nicolae_ashenzari_panopticon,
          pf_just_have_faith, nicolae_wu_jian_wuxing_cycle
D:10:     layout_cave_pods, due_lair_maze_entry_diamond, uniq_psyche
D:11:     minmay_the_grid_octo_tiled_squarecenter_mashed
          [minmay_the_grid_octo_teeth, minmay_the_grid_octo_toaster,
          minmay_the_grid_octo_checkerflower, minmay_the_grid_octo_fat_diamond,
          minmay_the_grid_square_5x5_megaprize_open,
          minmay_the_grid_square_5x5_three_small,
          minmay_the_grid_square_5x5_inner_v, minmay_the_grid_square_5x5_v,
          minmay_the_grid_square_5x5_gyroscope], layout_long_grid, tgw_sif,
          uniq_urug, uniq_grum
D:12:     layout_roguey, hiddenorc1_lemuel, serial_ice, serial_ice_i,
          serial_ice_o, serial_ice_g, serial_ice_e, serial_ice_a, serial_ice_b,
          serial_ice_f, portal_ice_cave_rime
D:13:     layout_loops_ring, nicolae_straight_to_the_point
D:14:     layout_big_octagon, david_vaults_1, infiniplex_staircase_door_maze,
          nicolae_dithmenos_the_darkroom, uniq_lodul, uniq_jorgrun
D:15:     hangedman_depths_entry_civil_slaughter, layout_gridville, nrook_uturn
Temple:   nicolae_temple_ecumenical_triangle
Lair:1:   layout_cave_pods
Lair:2:   layout_loops_ring, minmay_shoals_entry_hut,
          guppyfry_snake_entry_island, chequers_serial_rivers_marsh
Lair:3:   layout_regular_city, kennysheep_rathole, infiniplex_staircase_pool_2
Lair:4:   layout_layer_cave, nicolae_slime_entry_slimehenge,
          infiniplex_staircase_pool
Lair:5:   gammafunk_lair_ancient_temple, layout_regular_city,
          minmay_shattered_shrine
Snake:1:  layout_cave_shapes, special_room, minmay_shoptagon, uniq_aizul
Snake:2:  layout_basic
Orc:1:    layout_diamond_mine, nicolae_shop_gadgets
Orc:2:    grunt_orc_cross, layout_diamond_mine, basic_altar,
          david_defended_altar_orc

Skill      XL: |  1  2  3  4  5  6  7  8  9 10 11 12 13 14 15 |
---------------+----------------------------------------------+-----
Unarmed Combat | 4 5 7 8 9 11 12 14 17 18 19 | 19.6
Fighting       | 3 4 5 6 7 8 9 |  9.0
Dodging        | 1 2 |  2.0
Throwing       | 4 7 |  7.6
Armour         | 1 2 3 |  3.0
Invocations    | 4 7 10 | 10.0
Shields        | 5 12 | 12.3
Spellcasting   | |  1.0
Fire Magic     | |  2.1

Action                   |  1- 3 |  4- 6 |  7- 9 | 10-12 | 13-15 | 16-18 || total
-------------------------+-------+-------+-------+-------+-------+-------++-------
Melee: Unarmed           |    82 |   124 |   199 |   501 |   994 |    24 ||  1924
       Punch             |       |     2 |     5 |    39 |    41 |       ||    87
Throw: Javelin           |       |       |     4 |    58 |    95 |       ||   157
       Boomerang         |       |       |       |    71 |     5 |       ||    76
       Large rock        |       |       |       |       |    81 |     1 ||    82
Invok: Fiery Armour      |       |     2 |     4 |     7 |       |       ||    13
       Heroism           |       |       |       |    10 |    59 |     2 ||    71
       Finesse           |       |       |       |       |    16 |       ||    16
  Use: Scroll            |     3 |     8 |     6 |     5 |    12 |     2 ||    36
       Potion            |       |     3 |     2 |     5 |     6 |     3 ||    19
Armor: Robe              |    17 |    30 |    53 |    31 |       |       ||   131
       Troll leather arm |       |       |       |    97 |    84 |       ||   181
       Acid dragon scale |       |       |       |       |   147 |    14 ||   161
Dodge: Dodged            |    30 |    32 |   145 |   210 |   323 |     9 ||   749
Block: Kite shield       |       |       |       |       |    66 |       ||    66
       Tower shield      |       |       |       |       |   112 |    31 ||   143

Table legend:
 A = Non-vault XP
 B = Vault XP
 C = Vault XP percentage of total XP
 D = Non-vault monster count
 E = Vault monster count
 F = Vault count percentage of total count
                 A         B        C        D         E       F
            +---------+---------+-------+---------+---------+-------
      Total |  103590 |   53094 |  33.9 |     501 |     217 |  30.2
            +---------+---------+-------+---------+---------+-------
        D:1 |      33 |       0 |   0.0 |      20 |       0 |   0.0
        D:2 |      40 |     124 |  75.6 |      19 |      19 |  50.0
        D:3 |      57 |       0 |   0.0 |      21 |       0 |   0.0
        D:4 |     238 |       0 |   0.0 |       8 |       0 |   0.0
        D:5 |     812 |      40 |   4.7 |      29 |       1 |   3.3
        D:6 |     954 |       0 |   0.0 |      18 |       0 |   0.0
        D:7 |    1474 |       0 |   0.0 |      18 |       0 |   0.0
        D:8 |    1437 |     850 |  37.2 |      37 |       1 |   2.6
        D:9 |    2116 |       0 |   0.0 |      27 |       0 |   0.0
       D:10 |     617 |    1811 |  74.6 |       3 |      11 |  78.6
       D:11 |    3839 |   13252 |  77.5 |      13 |      35 |  72.9
       D:12 |    4427 |    3233 |  42.2 |      18 |      38 |  67.9
       D:13 |    7312 |       0 |   0.0 |      13 |       0 |   0.0
       D:14 |    8274 |    6083 |  42.4 |      18 |      16 |  47.1
       D:15 |   18557 |    3607 |  16.3 |      30 |       6 |  16.7
     Lair:1 |    5708 |       0 |   0.0 |      20 |       0 |   0.0
     Lair:2 |    6212 |     261 |   4.0 |      25 |       3 |  10.7
     Lair:3 |    5274 |     189 |   3.5 |      22 |      12 |  35.3
     Lair:4 |    6439 |     887 |  12.1 |      25 |       7 |  21.9
     Lair:5 |   13232 |   13752 |  51.0 |      36 |      33 |  47.8
    Snake:1 |    7531 |    1172 |  13.5 |      14 |       1 |   6.7
    Snake:2 |    2815 |       0 |   0.0 |       4 |       0 |   0.0
      Orc:1 |    1765 |       0 |   0.0 |      14 |       0 |   0.0
      Orc:2 |    4427 |    7833 |  63.9 |      49 |      34 |  41.0
            +---------+---------+-------+---------+---------+-------
